Description

Go forward when upgrades are ready, don't forget about overseer.

Replay - ZvT

Build Order

Get SALT Encoding   

  12  0:00  Drone  
  13  0:07  Drone  
  14  0:16  Overlord  
  14  0:21  Extractor  
  14  0:22  Drone  
  15  0:36  Drone  
  16  0:42  Spawning Pool  
  16  0:43  Drone x2  
  17  1:08  Hatchery  
  17  1:10  Drone  
  17  1:23  Extractor  
  16  1:29  Zergling x6  
  16  1:31  Queen  
  21  1:40  Overlord  
  21  2:01  Drone x2  
  23  2:10  Queen  
  25  2:16  Drone  
  26  2:24  Queen  
  33  2:47  Metabolic Boost  
  33  2:53  Overlord  
  38  3:26  Hatchery  
  40  3:28  Overlord  
  41  3:36  Lair  
  41  3:45  Evolution Chamber  
  41  3:47  Roach Warren  
  44  4:01  Queen  
  48  4:05  Extractor x2  
  48  4:14  Zerg Ground Armor Level 1  
  50  4:24  Overlord  
  50  4:33  Spore Crawler x2  
  49  4:40  Glial Reconstitution  
  49  4:41  Overseer  
  62  5:03  Spore Crawler  
  62  5:04  Extractor  
  60  5:13  Roach x6  
  72  5:23  Roach  
  74  5:36  Roach x3  
  100  6:11  Zergling x14  
  109  6:32  Ravager x8  
  111  7:22  Overseer  
Spawning Tool Build Advisor. Get it on Overwolf

Go to:

Details

  • Created by: HontoNoGaikan
  • Published on: Oct 12, 2025
  • Modified on: Oct 12, 2025
  • Patch: 5.0.11
  • Difficulty: Easy
Show
View Real Time Build Order
Export as new Build Order

Comments (0)

There are no comments. Be the first!

Create an account to comment!